cohdb
Replays
Latest Replays
All Replays
Popular Replays
Top Player Replays
Match Explorer
How It Works
Community
CoH3 Stats
Reddit
Sign in to upload your games and track your stats! →
Sign in with Steam
Match 45745312
Unlisted
Match 45745312
Overview
Messages
Build Orders
End
Selects Italian Combined Arms Battlegroup
Selects Bersaglieri Squad
Bersaglieri Squad
Bersaglieri Squad
Construct Light Support Kompanie
Construct Light Support Kompanie
Bersaglieri Squad
2.5-tonne Medical Truck
Fire Support Elements
Selects Bersaglieri Bolster
Veteran Squad Leaders
Pak 38 Mechanized Group
Pak 38 Anti-tank Gun Team
Construct Panzerarmee Kommand
Selects Breda Model 30 Light Machine Guns
Panzer III L Medium Tank
Rapid Advance
Panzer III L Medium Tank
Emergency Repair Kits
Panzer III L Medium Tank
Selects Semovente da 75/18 Assault Gun
Selects Strafing Run
Selects Artillery Cover
Strafing Run
Panzer III L Medium Tank
Advanced Optics
Strafing Run
Strafing Run
Panzer III L Medium Tank
Tungsten Core Ammunition
Strafing Run
Panzer III L Medium Tank
Artillery Cover
月夜笑猫
BES2
FLOKL
SmurfingIntoArranged--->xD
秃鹫k
【POW】游骑
AHOIENMQ
GOOD
0
0
Comments
sign in to comment!
No comments posted yet!